 Dungeon Crawl Stone Soup version 0.28.0 (webtiles) character file.

Game seed: 523591518954173245

43 Clumpoid the Skirmisher (level 3, -2/33 HPs)
             Began as a Ghoul Chaos Knight on Feb 15, 2022.
             Was a Plaything of Xom.
             Slain by Sigmund (9 damage)
             ... on level 2 of the Dungeon.
             The game lasted 00:00:56 (1298 turns).

Clumpoid the Skirmisher (Ghoul Chaos Knight)        Turns: 1298, Time: 00:00:57

Health: -2/33      AC:  6    Str: 15    XL:     3   Next: 58%
Magic:  2/2        EV: 11    Int:  7    God:    Xom [....*.]
Gold:   53         SH:  0    Dex: 10    Spells: 2/2 levels left

rFire   . . .      SeeInvis .   a - +0 spear (chaos)
rCold   + . .      Faith    .   (no shield)
rNeg    + + +      Spirit   .   b - +2 leather armour
rPois   ∞          Reflect  .   (no helmet)
rElec   .          Harm     .   (no cloak)
rCorr   .          Rampage  .   g - +0 pair of gloves
Will    .....                   (no boots)
Stlth   +.........              (no amulet)
HPRegen 0.00/turn               (no ring)
MPRegen 0.08/turn               (no ring)

@: mighty, cleaving, inhibited regen
A: claws 1, cold resistance 1, negative energy resistance 3, inhibited
regeneration, torment resistance 2
a: Renounce Religion


You were on level 2 of the Dungeon.
You worshipped Xom.
You were a beloved toy of Xom.
You visited 1 branch of the dungeon, and saw 2 of its levels.

You collected 53 gold pieces.

Inventory:

Hand Weapons
 a - a +0 spear of chaos (weapon)
Armour
 b - a +2 leather armour (worn)
 g - a +0 pair of gloves (worn)
Scrolls
 d - a scroll of silence {unknown}
 e - 3 scrolls of identify {unknown}
Potions
 f - a potion of magic {unknown}
 h - a potion of flight {unknown}


   Skills:
 + Level 3.7 Fighting
 * Level 3.2 Polearms
 + Level 2.2 Armour
 + Level 1.5 Dodging


You had 2 spell levels left.
You didn't know any spells.
Your spell library was empty.

Dungeon Overview and Level Annotations

Branches:
Dungeon (2/15)

Altars:

Annotations:
D:2 Sigmund


Innate Abilities, Weirdness & Mutations

You thrive by killing the living.
You are immune to poison.
You have sharp fingernails.
Your flesh is cold resistant. (rC+)
You are immune to negative energy. (rN+++)
You do not regenerate when monsters are visible.
You are immune to unholy pain and torment.


Message History

A goblin is nearby!
You completely miss the goblin.
The goblin is heavily wounded.
The goblin barely misses you.
You hit the goblin. You freeze the goblin.
You kill the goblin!
HP restored.
You see here a +0 club.
A kobold comes into view. It is wielding a +0 whip.
The kobold shouts!
You hear a shout! x2
Sigmund the Dreaded comes into view.
He is wielding a +0 scythe.
A goblin comes into view. It is wielding a +0 club.
There are monsters nearby!
You reach to attack!
You hit the goblin. You burn the goblin.
You kill the goblin!
There are monsters nearby!
There are monsters nearby!
You hit the kobold.
You kill the kobold!
Xom grants you a minor favour.
Your +0 spear of chaos looks sharp.
Sigmund says, "You will soon forget everything."
Sigmund casts a spell.
Sigmund flickers and vanishes!
Deactivating autopickup; reactivate with Ctrl-A.
You aren't carrying any items that you can evoke.
It was a potion of might.
You feel very mighty all of a sudden. Something completely misses you.
You miss something. Something hits you!
You miss something. Something hits you!
You closely miss something. You puncture something!
Xom thinks this is hilarious!
Nothing appears to happen.
Something hits you!
* * * LOW HITPOINT WARNING * * *
A shower of butterflies erupts from you!
You barely miss something. You closely miss something. Something hits you!
You die...

#.....).......
#.#######.#### #.# #.#
#.#######.##
#####.##.......###
#.....##.#........
#.##### #.###.### #b# #.
#.# #@# #.#.###.###
......){b.............÷.
..#####.######......####
#.# ....##.#### #.# ##.
#..... #.. .. ##.... ...
. ...... ##. ##.### #. #


There were no monsters in sight!

Vanquished Creatures
  An adder (D:2)
  A dart slug (D:2)
  5 ball pythons
  4 endoplasms
  A giant cockroach (D:1)
  2 hobgoblins (D:1)
  2 quokkas
  2 bats (D:1)
  4 goblins
  4 kobolds
  5 rats (D:1)
31 creatures vanquished.

Notes
Turn   | Place    | Note
-------+----------+-------------------------------------------
     0 | D:1      | Clumpoid the Ghoul Chaos Knight began the quest for the
                  | Orb.
     0 | D:1      | Reached XP level 1. HP: 19/19 MP: 0/0
    89 | D:1      | Reached skill level 1 in Dodging
   353 | D:1      | Reached XP level 2. HP: 26/26 MP: 1/1
   565 | D:1      | XOM: silly message
   614 | D:1      | Found a faded altar of an unknown god.
   800 | D:1      | You fall into a shaft and drop 1 floor!
   834 | D:2      | Reached XP level 3. HP: 30/31 MP: 2/2
  1284 | D:2      | Noticed Sigmund
  1287 | D:2      | XOM: cleaving
  1296 | D:2      | XOM: butterfly on damage
  1298 | D:2      | Slain by Sigmund

Illustrated notes

Levels and vault maps discovered:
D:1:      ncdulo_lavacross, layout_basic, shapermc_ecumenical_altar_totnotflames
D:2:      layout_loops_ring, basic_altar, grunt_ministairs_5, uniq_sigmund

Skill      XL: |  1  2 |
---------------+-------+-----
Dodging        | 1 |  1.5
Armour         | 2 |  2.2
Polearms       | 3 |  3.2
Fighting       | |  3.7

Action                   || total
-------------------------++-------
Melee: Spear             ||   110
       Punch             ||     1
  Use: Potion            ||     1
Armor: Leather armour    ||    31
Dodge: Dodged            ||    46
